 Dungeon Crawl Stone Soup version 0.28-b1-25-g9875b3fc8c (webtiles) character file.

Game seed: 11369777118272102258

2858 bleachchugger the Cleaver (level 9, -7/75 HPs)
             Began as a Minotaur Berserker on Feb 2, 2022.
             Was an Elder of Trog.
             Mangled by a troll (13 damage)
             ... on level 6 of the Dungeon.
             The game lasted 01:02:38 (6493 turns).

bleachchugger the Cleaver (Minotaur Berserker)      Turns: 6493, Time: 01:02:38

Health: -7/75      AC: 16    Str: 30    XL:     9   Next: 47%
Magic:  8/8        EV: 10    Int:  4    God:    Trog [****..]
Gold:   297        SH:  0    Dex: 10    Spells: 8/8 levels left

rFire   . . .      SeeInvis .   w - +7 mace of Tizusume {protect, Str+4}
rCold   . . .      Faith    .   (no shield)
rNeg    . . .      Spirit   .   a - +0 chain mail
rPois   .          Reflect  .   (helmet restricted)
rElec   .          Harm     .   v - +0 cloak
rCorr   .          Rampage  .   (no gloves)
Will    +++..      Rage     1%  m - +1 pair of boots
Stlth   ..........              (no amulet)
HPRegen 1.22/turn               f - ring of willpower
MPRegen 0.11/turn               (no ring)

@: strong-willed (expiring), on berserk cooldown, regenerating (expiring),
slowed, studying Stealth, very slow
A: horns 2, retaliatory headbutt, iridescent scales 1, berserk 1, no potion heal
1
a: Renounce Religion, Berserk, Trog's Hand, Brothers in Arms


You were on level 6 of the Dungeon.
You worshipped Trog.
Trog was greatly pleased with you.
You visited 2 branches of the dungeon, and saw 7 of its levels.
You also visited: Ossuary.

You collected 297 gold pieces.

Inventory:

Hand Weapons
 k - a +0 war axe
 w - the +7 mace of Tizusume (weapon) {protect, Str+4}
   (You found it on level 3 of the Dungeon)

   It grants its wielder temporary protection when it strikes (+7 to AC).
   Str:       It affects your strength (+4).
Missiles
 b - 6 silver javelins (quivered)
 g - 101 stones
Armour
 a - a +0 chain mail (worn)
 m - a +1 pair of boots (worn)
 v - a +0 cloak (worn)
Jewellery
 f - a ring of willpower (left hand)
Wands
 c - a wand of polymorph (7)
Scrolls
 h - 2 scrolls of immolation
 j - 2 scrolls of holy word
 l - a scroll of torment
 n - a scroll of amnesia {unknown}
 p - a scroll of teleportation
 q - a scroll of fear {unknown}
 r - a scroll of blinking
 t - a scroll of identify
Potions
 d - a potion of brilliance
 e - 2 potions of lignification
 i - 4 potions of heal wounds {unknown}
 o - 3 potions of curing {unknown}
 s - 2 potions of degeneration {unknown}
 x - 2 potions of might {unknown}


   Skills:
 + Level 6.1 Fighting
 * Level 8.9(10.2) Axes
 + Level 7.8(9.7) Maces & Flails
 - Level 0.2 Throwing
 * Level 7.9 Armour
 * Level 5.8 Dodging
 - Level 1.0 Stealth


You had 8 spell levels left.
You didn't know any spells.
Your spell library contained the following spells:

 Spells                   Type           Power      Damage    Failure   Level
 Ensorcelled Hibernation  Hex/Ice        0%         N/A       98%         2
 Conjure Flame            Conj/Fire      0%         6-21      100%        3
 Ignite Poison            Fire/Tmut/Pois 0%         N/A       100%        3
 Spider Form              Tmut/Pois      0%         N/A       100%        3
 Anguish                  Hex/Necr       0%         N/A       100%        4
 Sticky Flame             Conj/Fire      0%         2d3       100%        4


Dungeon Overview and Level Annotations

Branches:
Dungeon (6/15)             Temple (1/1) D:4         Ossuary (visited)

Altars:
Cheibriados
Dithmenos
Elyvilon
Fedhas
Gozag
Kikubaaqudgha
Makhleb
Okawaru
Ru
Trog
Vehumet
Wu Jian
Xom
Yredelemnul
Zin
The Shining One

Shops:
D:4 [::


Innate Abilities, Weirdness & Mutations

You have a pair of horns on your head.
You reflexively headbutt those who attack you in melee.
You are partially covered in iridescent scales. (AC +2)
You tend to lose your temper in combat.
Potions are less effective at restoring your health.


Message History

The troll bites you but does no damage. The troll claws you but does no damage.
The troll claws you! The troll bites you.
* * * LOW HITPOINT WARNING * * *
The troll barely misses you. The troll closely misses you.
Found a stone staircase leading down.
A white imp comes into view.
The troll bites you but does no damage.
The troll claws you but does no damage. x2
The white imp grins evilly.
The troll bites you but does no damage. The troll completely misses you.
The troll claws you but does no damage. The troll bites you but does no damage.
The troll closely misses you. x2
The white imp closely misses you. You furiously retaliate!
You headbutt the white imp. The troll bites you but does no damage.
The troll claws you.
* * * LOW HITPOINT WARNING * * *
The troll closely misses you.
Your skin crawls.
You feel strong-willed.
The white imp hits you but does no damage.
The troll bites you but does no damage.
The troll claws you but does no damage. x2
The white imp misses you.
You sock the white imp!
Your weapon exudes an aura of protection.
You kill the white imp!
Trog accepts your kill. The troll closely misses you. The troll claws you!
* * * LOW HITPOINT WARNING * * *
The troll completely misses you. The troll bites you but does no damage.
The troll claws you!
* * * LOW HITPOINT WARNING * * *
The troll misses you.
You feel the effects of Trog's Hand fading.
The troll bites you but does no damage.
The troll claws you but does no damage. x2
The troll closely misses you. You furiously retaliate!
You headbutt the troll! The troll closely misses you.
The troll claws you but does no damage. The troll bites you!
* * * LOW HITPOINT WARNING * * *
The troll claws you but does no damage. The troll barely misses you.
The troll bites you!
You die...

#.#...#######.#
.....#........
....#........ ... #
...#........ ... #..
..+........ .... 8
#..##.#........ .....
#.#...).#.#########.....
###.#..##)#)).............
.........).)..@......>#.#
#........)###.T.........
#.........# #.#.######.#
#.........# #.#<.. .
#.###.#'### #....).. #
#...# ###.#.....
###..#######.#.....
#..........#.#.....
#.##.#####.#.# ....


You could see a troll.

Vanquished Creatures
  A wraith (D:5)
  5 yaks (D:4)
  A water moccasin (D:5)
  A sky beast (D:6)
  An orc warrior (D:6)
  A necrophage (D:5)
  2 black bears
  2 ogres
  2 centaurs
  2 kobold brigands
  A scorpion (D:5)
  2 water moccasin zombies
  A hound (D:4)
  2 bullfrog zombies
  2 orc priests (D:6)
  2 jellies
  Crazy Yiuf (D:3)
  2 bullfrog skeletons
  Ijyb (D:4)
  2 iguanas (D:5)
  5 orc wizards
  A killer bee zombie (D:3)
  2 hound skeletons (D:4)
  4 mummies
  Robin (D:3)
  5 adders
  3 gnolls (D:3)
  A howler monkey skeleton (D:5)
  A shadow imp (D:5)
  A white imp (D:6)
  An ufetubus (D:5)
  4 adder zombies (Ossuary)
  3 worms
  4 dart slugs
  25 orcs
  4 ball pythons (D:1)
  12 endoplasms
  2 giant cockroaches
  2 gnoll zombies (Ossuary)
  14 goblins
  8 hobgoblins
  3 jackals (D:5)
  12 kobolds
  5 quokkas
  4 bats
  5 frilled lizards
  2 goblin zombies (Ossuary)
  2 hobgoblin zombies (Ossuary)
  4 kobold zombies (Ossuary)
  2 orc zombies (D:5)
  2 quokka zombies (Ossuary)
  7 rats
  2 rat zombies (Ossuary)
187 creatures vanquished.

Vanquished Creatures (others)
  An adder (D:4)
  An orc (D:4)
  A fungus (D:3)
3 creatures vanquished.

Grand Total: 190 creatures vanquished

Notes
Turn   | Place    | Note
-------+----------+-------------------------------------------
     0 | D:1      | bleachchugger the Minotaur Berserker began the quest for
                  | the Orb.
     0 | D:1      | Reached XP level 1. HP: 19/19 MP: 0/0
   313 | D:1      | Reached skill level 4 in Axes
   564 | D:1      | Reached XP level 2. HP: 23/27 MP: 1/1
  1059 | D:1      | Reached XP level 3. HP: 30/33 MP: 2/2
  1480 | D:2      | Found an ancient bone altar of Kikubaaqudgha.
  1626 | D:2      | Reached ** piety under Trog
  2069 | D:2      | Found a faded altar of an unknown god.
  2203 | D:3      | Reached skill level 5 in Axes
  2214 | D:3      | Reached XP level 4. HP: 40/40 MP: 3/3
  2230 | D:3      | Found a glowing drain.
  2277 | D:3      | Noticed Robin
  2310 | D:3      | Killed Robin
  2483 | D:3      | Reached XP level 5. HP: 38/46 MP: 4/4
  2618 | D:3      | Reached skill level 6 in Axes
  2837 | D:3      | Found a basalt altar of Yredelemnul.
  2912 | D:3      | Found a white marble altar of Elyvilon.
  3333 | D:3      | Found a runed translucent door.
  3334 | D:3      | Noticed Crazy Yiuf
  3336 | D:3      | Identified the +2 mace of the Salmon {venom, *Corrode
                  | Int+7}
  3345 | D:3      | Killed Crazy Yiuf
  3345 | D:3      | Reached *** piety under Trog
  3353 | D:3      | Identified the +7 mace of Tizusume {protect, Str+4}
  3641 | D:4      | Noticed a black bear
  3641 | D:4      | Noticed a centaur
  3653 | D:4      | Noticed an ogre
  3656 | D:4      | Noticed Ijyb
  3669 | D:4      | Killed an ogre
  3670 | D:4      | Reached XP level 6. HP: 16/53 MP: 5/5
  3687 | D:4      | Killed Ijyb
  3688 | D:4      | Reached skill level 7 in Axes
  3700 | D:4      | Reached skill level 1 in Maces & Flails
  3706 | D:4      | Reached XP level 7. HP: 43/60 MP: 6/6
  3829 | D:4      | Found Gausiv's Book Shop.
  3867 | D:4      | Found Asiech's Armour Shop.
  3983 | D:4      | Found Ruwk's Book Emporium.
  4047 | D:4      | Found a burning altar of Makhleb.
  4069 | D:4      | Found a bloodstained altar of Trog.
  4069 | D:4      | Found a sacrificial altar of Ru.
  4208 | D:4      | Found a staircase to the Ecumenical Temple.
  4291 | D:4      | Noticed a yak
  4291 | D:4      | Noticed a yak
  4291 | D:4      | Noticed a yak
  4291 | D:4      | Noticed a yak
  4292 | D:4      | Noticed a yak
  4301 | D:4      | Killed a yak
  4302 | D:4      | Reached skill level 5 in Armour
  4305 | D:4      | Killed a yak
  4341 | D:4      | Killed a yak
  4342 | D:4      | Reached XP level 8. HP: 40/67 MP: 7/7
  4348 | D:4      | Reached skill level 5 in Fighting
  4352 | D:4      | Reached skill level 5 in Maces & Flails
  4354 | D:4      | Reached skill level 8 in Axes
  4889 | Temple   | Entered the Ecumenical Temple
  5151 | D:5      | Entered Level 5 of the Dungeon
  5220 | D:5      | Reached skill level 1 in Stealth
  5229 | D:5      | Found a sand-covered staircase.
  5240 | Ossuary  | Entered an ossuary
  5289 | Ossuary  | Reached **** piety under Trog
  5559 | Ossuary  | Gained mutation: You are partially covered in iridescent
                  | scales. (AC +2) [potion of mutation]
  5559 | Ossuary  | Gained mutation: Potions are less effective at restoring
                  | your health. [potion of mutation]
  5559 | Ossuary  | Gained mutation: You tend to lose your temper in combat.
                  | [potion of mutation]
  5650 | D:5      | Reached skill level 5 in Dodging
  5952 | D:5      | Reached XP level 9. HP: 75/75 MP: 8/8
  6472 | D:6      | Noticed a troll
  6493 | D:6      | Mangled by a troll

Illustrated notes

Levels and vault maps discovered:
D:1:      sevenhm_arrival_forest_fort_large_1, layout_basic,
          minmay_misc_feat_diagonals, minmay_misc_feat_rugged,
          minmay_pentomino_z4
D:2:      layout_rooms, hellmonk_ecumenical_altar_zigzags, basic_altar,
          kennysheep_small_spiral, grunt_ministairs_13
D:3:      layout_basic, kennysheep_ying_yang, gup_sewer_entry_glass,
          nrook_mini_backslash, uniq_crazy_yiuf_cottage, uniq_robin
D:4:      layout_rooms, mainiacjoe_overflow_surrounded_room,
          grunt_temple_overflow_open, minmay_temple_entry_fiery, serial_shops,
          nicolae_shop_stone, shop, nicolae_square_shop, minmay_misc_feat_iff,
          kennysheep_cross_room, minmay_manual_mess, uniq_ijyb
D:5:      layout_loops_ring, nicolae_ossuary_entry_giza, grunt_decor_resistance
D:6:      layout_basic, minitemple
Temple:   dpeg_chambers_temple

Skill      XL: |  1  2  3  4  5  6  7  8  9 |
---------------+----------------------------+-----
Axes           | 4 5 6 7 8 |  8.9
Fighting       | 4 5 6 |  6.1
Dodging        | 3 4 5 |  5.8
Armour         | 3 4 5 7 |  7.9
Maces & Flails | 1 4 6 7 |  7.8
Stealth        | 1 |  1.0
Throwing       | |  0.2

Action                   |  1- 3 |  4- 6 |  7- 9 || total
-------------------------+-------+-------+-------++-------
Melee: Hand axe          |    49 |    37 |       ||    86
       Headbutt          |    13 |    11 |    39 ||    63
       War axe           |    17 |     9 |       ||    26
       Mace              |       |    48 |   230 ||   278
       Punch             |       |       |     3 ||     3
Throw: Dart              |     3 |     1 |     3 ||     7
       Stone             |    20 |     7 |       ||    27
       Boomerang         |       |    25 |       ||    25
       Javelin           |       |       |    15 ||    15
Invok: Trog's Hand       |       |     2 |     2 ||     4
       Berserk           |       |       |     1 ||     1
  Use: Scroll            |     2 |     1 |     4 ||     7
       Potion            |       |     1 |     2 ||     3
 Stab: Invisible         |       |     3 |       ||     3
Armor: Animal skin       |    11 |       |       ||    11
       Chain mail        |     4 |    62 |   192 ||   258
Dodge: Dodged            |    40 |    59 |   112 ||   211
